 Dungeon Crawl Stone Soup version 0.25.0-33-gff14898491 (webtiles) character file.

Game seed: 529779099811269001

133 MisterFreud the Chopper (level 5, -6/46 HPs)
             Began as a Hill Orc Abyssal Knight on July 7, 2020.
             Was a Believer of Lugonu.
             Mangled by an orc warrior
             ... wielding a cursed -1 halberd
              (20 damage)
             ... on level 4 of the Dungeon.
             The game lasted 00:03:01 (3223 turns).

MisterFreud the Chopper (Hill Orc Abyssal Knight)   Turns: 3223, Time: 00:03:02

Health: -6/46      AC: 12    Str: 16    XL:     5   Next: 16%
Magic:  6/6        EV:  5    Int: 12    God:    Lugonu [**....]
Gold:   150        SH:  0    Dex: 10    Spells: 4/4 levels left

rFire    . . .     SeeInvis .   a - +1 hand axe
rCold    . . .     Gourm    .   (no shield)
rNeg     . . .     Faith    .   f - +0 plate armour
rPois    .         Spirit   .   (no helmet)
rElec    .         Reflect  .   (no cloak)
rCorr    .         Harm     .   (no gloves)
MR       .....                  e - +0 pair of boots
Stlth    ..........             (no amulet)
HPRegen  0.15/turn              (no ring)
MPRegen  0.10/turn              (no ring)

@: no status effects
A: no striking features
a: Depart the Abyss, Bend Space, Renounce Religion, Convert to Beogh


You were on level 4 of the Dungeon.
You worshipped Lugonu.
Lugonu was pleased with you.
You were hungry.

You visited 1 branch of the dungeon, and saw 4 of its levels.
You visited the Abyss 1 time.

You collected 150 gold pieces.

Inventory:

Hand Weapons
 a - a +1 hand axe (weapon)
Missiles
 j - 5 boomerangs (quivered)
Armour
 b - a +0 leather armour
 e - a +0 pair of boots (worn)
 f - a +0 plate armour (worn)
Scrolls
 d - 5 scrolls of identify {unknown}
 g - a scroll of enchant weapon {unknown}
 h - a scroll of blinking {unknown}
 k - 3 scrolls of remove curse {unknown}
 n - a scroll of amnesia {unknown}
Potions
 i - a potion of flight {unknown}
 l - 2 potions of haste {unknown}
 m - a potion of berserk rage {unknown}
Comestibles
 c - 8 rations
 o - 2 chunks of flesh


   Skills:
 - Level 4.0 Fighting
 + Level 5.5 Axes
 + Level 3.6 Armour
 - Level 0.7 Dodging
 - Level 2.4 Invocations


You had 4 spell levels left.
You didn't know any spells.
Your spell library was empty.

Dungeon Overview and Level Annotations

Branches:
Dungeon (4/15)
 Temple: D:4-7

Altars:
Ru
Uskayaw
Xom
Zin
The Shining One


Message History

The orc warrior is lightly wounded.
The orc warrior hits you with a cursed -1 halberd!
You hit the orc warrior but do no damage.
The orc warrior is lightly wounded.
An orc comes into view. It is wielding a +0 club.
The orc priest hits you with a +0 dagger.
The orc warrior hits you with a cursed -1 halberd!
You closely miss the orc priest. You hit the orc warrior.
The orc priest threatens, "By the altar or by the axe, you will meet Beogh!"
The orc priest hits you but does no damage.
The orc warrior barely misses you.
Unknown command.
The orc priest shouts, "Surrender to Beogh and we'll let you live!"
You hit the orc warrior but do no damage.
The orc warrior is lightly wounded.
You hit the orc. You closely miss the orc priest.
The orc priest hits you with a +0 dagger.
The orc hits you but does no damage.
The orc warrior hits you with a cursed -1 halberd!!
You die...

#$...# #.# #.. #.>..#
#..# ##. #o...# ..# #.
#....##.# ## #.......# #
#......### #.
##...รท...# ###
#..#####o#####.#######..
#.....@o# #.##.......
###..o.## #....####..
#.....?.. ###### ###
####....!# ##....#
######


You could see an orc warrior, an orc priest and an orc.

Vanquished Creatures
  An orc wizard (D:3)
  6 adders (D:3)
  A dart slug (D:1)
  3 leopard geckos (D:3)
  3 orcs (D:3)
  2 ball pythons
  5 bats
  3 giant cockroaches
  8 hobgoblins
  2 jackals (D:1)
  2 quokkas
  5 goblins
  4 kobolds
  4 rats
49 creatures vanquished.

Notes
Turn   | Place    | Note
-------+----------+-------------------------------------------
     0 | Abyss:1  | MisterFreud the Hill Orc Abyssal Knight began the quest for
                  | the Orb.
     0 | Abyss:1  | Reached XP level 1. HP: 19/19 MP: 2/2
    17 | D:1      | Escaped the Abyss
    96 | D:1      | Reached skill level 3 in Axes
   347 | D:1      | Reached XP level 2. HP: 21/26 MP: 3/3
   522 | D:1      | Reached skill level 4 in Axes
   784 | D:2      | Reached XP level 3. HP: 33/33 MP: 4/4
   990 | D:2      | Reached ** piety under Lugonu
  1198 | D:2      | Found a shimmering altar of Xom.
  1201 | D:2      | Noticed an angel
  1207 | D:2      | Found a glowing silver altar of Zin.
  1645 | D:3      | Reached XP level 4. HP: 37/40 MP: 5/5
  1951 | D:3      | Reached skill level 5 in Axes
  2484 | D:3      | Reached XP level 5. HP: 13/46 MP: 6/6
  3147 | D:4      | Found a hide-covered altar of Uskayaw.
  3148 | D:4      | Found a sacrificial altar of Ru.
  3150 | D:4      | Found a glowing golden altar of the Shining One.
  3204 | D:4      | Noticed an orc warrior
  3223 | D:4      | Mangled by an orc warrior

Illustrated notes

Levels and vault maps discovered:
D:1:      tarquinn_simple_flora_water_c, layout_basic
D:2:      layout_basic, grunt_temple_overflow_order_and_chaos_1
D:3:      layout_loops_corners, gup_sewer_entry_bubbles
D:4:      layout_rooms, nicolae_overflow_hidden_temple, first_ration

Skill      XL: |  1  2  3  4 |
---------------+-------------+-----
Axes           | 3 4 5 |  5.5
Fighting       | 4 |  4.0
Armour         | 3 |  3.6
Dodging        | |  0.7
Invocations    | |  2.4

Action                   |  1- 3 |  4- 6 || total
-------------------------+-------+-------++-------
Melee: Hand axe          |   119 |    96 ||   215
  Eat: Chunk             |     2 |     5 ||     7
Armor: Leather armour    |    17 |       ||    17
       Plate armour      |    51 |    79 ||   130
Dodge: Dodged            |    62 |    16 ||    78
